 Dungeon Crawl Stone Soup version 0.22-a0-407-gb098539 (webtiles) character file.

28 dstrtnsr the Chopper (level 3, 0/33 HPs)
             Began as a Hill Orc Berserker on May 9, 2018.
             Was a Follower of Trog.
             Slain by a bullfrog (7 damage)
             ... on level 3 of the Dungeon.
             The game lasted 00:00:38 (703 turns).

dstrtnsr the Chopper (Hill Orc Berserker)            Turns: 703, Time: 00:00:39

Health: 0/33       AC:  5    Str: 20    XL:     3   Next: 12%
Magic:  3/3        EV: 11    Int:  7    God:    Trog [*.....]
Gold:   34         SH:  0    Dex: 10    Spells: 2/2 levels left

rFire    . . .     SeeInvis .   a - +0 hand axe
rCold    . . .     Gourm    .   (no shield)
rNeg     . . .     Faith    .   g - +0 ring mail
rPois    .         Spirit   .   (no helmet)
rElec    .         Reflect  .   (no cloak)
rCorr    .         Harm     .   (no gloves)
MR       .....                  (no boots)
Stlth    ..........             (no amulet)
HPRegen  0.11/turn              (no ring)
MPRegen  0.08/turn              (no ring)

@: berserk cooldown, slowed, very slow
A: no striking features
a: Berserk, Renounce Religion


You were on level 3 of the Dungeon.
You worshipped Trog.
Trog was aware of your devotion.
You were not hungry.

You visited 1 branch of the dungeon, and saw 3 of its levels.

You collected 34 gold pieces.

Inventory:

Hand Weapons
 a - a +0 hand axe (weapon)
Armour
 g - a +0 ring mail (worn)
Scrolls
 b - a scroll of teleportation {unknown}
 d - a scroll of identify {@r1}
Potions
 f - a potion of curing {@q1}
Comestibles
 c - a chunk of flesh
 e - 2 rations {!d}


   Skills:
 + Level 4.1 Fighting
 * Level 5.1 Axes
 - Level 2.1 Armour
 - Level 1.5 Dodging


You had 2 spell levels left.
You didn't know any spells.

Dungeon Overview and Level Annotations

Branches:
Dungeon (3/15)

Altars:


Message History

You see here a ring mail.
g - a ring mail Wear which item? (? for menu, Esc to quit)
You start removing your armour.
You continue taking off your +0 animal skin. x4
You finish taking off your +0 animal skin.
You start putting on your armour.
You continue putting on your ring mail. x5
You finish putting on your +0 ring mail.
Drop what? 7/52 slots (_ for help) (? for menu, Esc to quit)
Okay, then.
Unknown command.
Wear which item? (? for menu, Esc to quit)
You're already wearing that object!
Drop what? 7/52 slots (_ for help) (? for menu, Esc to quit)
You drop a +0 animal skin.
Unknown command.
There is a stone staircase leading down here.
You climb downwards.
There is a stone staircase leading up here.
Unknown command.
Found a stone staircase leading down.
Found 45 sling bullets.
You open the door.
A worm and an orc come into view.
Found a scroll labeled KUSHRU OLAOC.
There are monsters nearby!
There are monsters nearby!
A worm comes into view.
The worm bites you but does no damage.
Found a helmet.
There is an open door here.
You barely miss the worm. You hit the orc. The orc closely misses you.
You closely miss the orc.
The orc is moderately wounded.
You hit the worm. The worm bites you! The orc hits you.
You hit the orc.
The orc is severely wounded.
You hit the worm. The orc barely misses you. The worm closely misses you.
You barely miss the orc.
The orc is severely wounded.
You hit the worm. The orc hits you but does no damage.
You hit the orc.
You kill the orc!
Trog accepts your kill.
You barely miss the worm. The worm bites you.
A red film seems to cover your vision as you go berserk!
You feel yourself moving faster!
You feel mighty!
You feel a lot more hungry. The worm bites you but does no damage.
You slash the worm!
The worm is severely wounded.
You hit the worm. The worm closely misses you.
You slash the worm!
You kill the worm!
Trog accepts your kill.
Your Axes skill increases to level 5!
You have reached level 3!
Your experience leads to an increase in your attributes!
Your base attributes are Str 19, Int 7, Dex 10.
Increase (S)trength, (I)ntelligence, or (D)exterity?
Uppercase letters only, please.
You feel stronger.
You hit the worm.
Unknown command.
You completely miss the worm.
The worm is heavily wounded.
You slash the worm!
You kill the worm!
Trog accepts your kill.
No target in view!
No target in view!
A bullfrog comes into view.
The bullfrog gives a loud, deep croak!
You see here an orc corpse.
You feel a strong urge to attack something.
You feel your anger nearly subside.
You are no longer berserk.
You are exhausted.
You feel yourself slow down.
You see here a scroll labeled KUSHRU OLAOC.
b - a scroll labeled KUSHRU OLAOC
As you read the scroll labeled YNUFREUFOSCH, it crumbles to dust.
It is a scroll of identify.
f - a potion of curing You hit the bullfrog.
The bullfrog is lightly wounded.
The bullfrog hits you but does no damage. x2
The bullfrog hits you.
* * * LOW HITPOINT WARNING * * *
You are too injured to fight recklessly!
You are too injured to fight recklessly!
Unknown command.
You barely miss the bullfrog.
The bullfrog is lightly wounded.
The bullfrog closely misses you. x2
You closely miss the bullfrog.
The bullfrog is lightly wounded.
The bullfrog hits you but does no damage.
The bullfrog hits you.
* * * LOW HITPOINT WARNING * * *
The bullfrog hits you!
You die...

##########
#.....F@.#
####........#
.[..........#
###J..†....#
###'###### #.#
#########.
#.####.........
#..............
#######.########


You could see a bullfrog and an ooze (wandering).

Vanquished Creatures
  2 worms (D:3)
  A dart slug (D:2)
  An orc (D:3)
  2 bats
  A giant cockroach (D:2)
  3 hobgoblins (D:1)
  4 jackals
  3 kobolds
  A rat (D:1)
18 creatures vanquished.

Notes
Turn   | Place    | Note
-------+----------+-------------------------------------------
     0 | D:1      | dstrtnsr the Hill Orc Berserker began the quest for the Orb.
     0 | D:1      | Reached XP level 1. HP: 19/19 MP: 1/1
   273 | D:1      | Reached XP level 2. HP: 19/27 MP: 2/2
   689 | D:3      | HP: 10/27 [worm (5)]
   692 | D:3      | Reached skill level 5 in Axes
   692 | D:3      | Reached XP level 3. HP: 19/33 MP: 3/3
   695 | D:3      | Noticed a bullfrog
   701 | D:3      | HP: 8/33 [bullfrog (6)]
   703 | D:3      | Slain by a bullfrog

Vault maps used:
D:1:      nicolae_arrival_somewhat_less_tricky_arrival
D:2:      st_stairs_7, uniq_robin
D:3:      cheibrodos_pilgrimage, first_ration, uniq_terence, uniq_natasha,
          uniq_grinder

Skill      XL: |  1  2 |
---------------+-------+-----
Fighting       | 4 |  4.1
Axes           | 5 |  5.1
Armour         | |  2.1
Dodging        | |  1.5

Action                   || total
-------------------------++-------
Melee: Hand axe          ||    45
Invok: Berserk           ||     1
  Use: Scroll            ||     1
Armor: Animal skin       ||    14
       Ring mail         ||     6
Dodge: Dodged            ||    26

Table legend:
 A = Spawn XP
 B = Non-spawn XP
 C = Spawn XP percentage of total XP
 D = Spawn monster count
 E = Non-spawn monster count
 F = Spawn count percentage of total count
 G = Total turns spent on level
                    A         B        C        D         E        F      G
               +---------+---------+-------+---------+---------+-------+---------
         Total |       0 |      40 |   0.0 |       0 |      18 |   0.0 |   703
               +---------+---------+-------+---------+---------+-------+---------
           D:1 |       0 |      14 |   0.0 |       0 |       8 |   0.0 |   281
           D:2 |       0 |      13 |   0.0 |       0 |       7 |   0.0 |   383
           D:3 |       0 |      13 |   0.0 |       0 |       3 |   0.0 |    39
               +---------+---------+-------+---------+---------+-------+---------
